 Dungeon Crawl Stone Soup version 0.29.1-1-gd02db6906a (webtiles) character file.

Game seed: 6680406347777082333

18879 Glamhuggeren the Warrior (level 12, -4/119 HPs)
             Began as a Minotaur Fighter on Oct 10, 2022.
             Was a High Priest of Okawaru.
             Shot with an arrow by a deep elf archer (31 damage)
             ... on level 12 of the Dungeon.
             The game lasted 00:36:40 (13729 turns).

Glamhuggeren the Warrior (Minotaur Fighter)        Turns: 13729, Time: 00:36:43

Health: -4/119     AC: 24    Str: 24    XL:     12   Next: 31%
Magic:  15/17      EV:  9    Int:  5    God:    Okawaru [*****.]
Gold:   468        SH: 13    Dex: 12    Spells: 11/11 levels left

rFire   . . .      SeeInvis .   a - +1 trident (flame)
rCold   + . .      Faith    .   M - +1 kite shield {AC+3}
rNeg    . . .      Spirit   .   I - +3 chain mail {rF+}
rPois   .          Reflect  .   (helmet restricted)
rElec   .          Harm     .   G - +0 cloak
rCorr   .          Rampage  .   o - +1 pair of gloves {Stlth+}
Will    .....                   f - +0 pair of boots
Stlth   +.........              (no amulet)
HPRegen 0.29/turn               j - ring of ice
MPRegen 0.15/turn               (no ring)

@: about to teleport, heroic
A: horns 2, retaliatory headbutt
a: Renounce Religion, Heroism, Finesse, Duel


You were on level 12 of the Dungeon.
You worshipped Okawaru.
Okawaru was extremely pleased with you.
You visited 2 branches of the dungeon, and saw 13 of its levels.
You also visited: Sewer.

You collected 468 gold pieces.

Inventory:

Hand Weapons
 a - a +1 trident of flaming (weapon)
Missiles
 i - 5 javelins
 l - 2 boomerangs of dispersal
 q - 19 poisoned darts (quivered)
 r - 8 curare-tipped darts
 u - 9 boomerangs
Armour
 f - a +0 pair of boots (worn)
 g - a +1 ring mail of cold resistance
 o - a +1 pair of gloves of stealth (worn)
 G - a +0 cloak (worn)
 I - a +3 chain mail of fire resistance (worn)
 M - a +1 kite shield of protection (worn)
Jewellery
 j - a ring of ice (left hand)
 t - a ring of protection from cold
Wands
 B - a wand of charming (5)
 D - a wand of roots (2)
 L - a wand of flame (12)
Scrolls
 b - 3 scrolls of identify
 e - 2 scrolls of fear
 h - 7 scrolls of teleportation
 m - 2 scrolls of enchant armour
 v - 2 scrolls of poison
 w - 2 scrolls of silence
 A - 2 scrolls of enchant weapon
 C - a scroll of magic mapping
 F - 2 scrolls of summoning
 H - a scroll of butterflies
 K - a scroll of noise {unknown}
Potions
 c - a potion of magic {unknown}
 d - a potion of might
 k - 6 potions of brilliance
 n - a potion of degeneration {unknown}
 p - a potion of flight
 s - 2 potions of haste
 x - 9 potions of curing
 z - a potion of berserk rage
 J - a potion of resistance


   Skills:
 * Level 15.0(20.0) Fighting
 - Level 14.0(19.0) Polearms
 - Level 8.0(13.0) Armour
 + Level 0.5(5.5) Dodging
 - Level 8.0(13.0) Shields
 + Level 8.0 Invocations


You had 11 spell levels left.
You didn't know any spells.
Your spell library was empty.

Dungeon Overview and Level Annotations

Branches:
Dungeon (12/15)            Temple (1/1) D:5            Lair (0/5) D:9
  Sewer (visited)
    Orc: D:9-12

Altars:
Ashenzari
Cheibriados
Dithmenos
Elyvilon
Fedhas
Gozag
Hepliaklqana
Kikubaaqudgha
Makhleb
Nemelex Xobeh
Okawaru
Qazlal
Ru
Sif Muna
Trog
Uskayaw
Vehumet
Wu Jian
Xom
Yredelemnul
Zin
The Shining One


Innate Abilities, Weirdness & Mutations

You have a pair of horns on your head.
You reflexively headbutt those who attack you in melee.


Message History

The deep elf knight hits you with a +6 quarterstaff!
The elephant tramples you but does no damage.
The elephant barely misses you.
The deep elf archer shoots an arrow.
The arrow barely misses you.
An elephant comes into view.
You puncture the elephant! You burn the elephant.
You kill the elephant!
Okawaru accepts your kill. You block the deep elf knight's attack.
The deep elf archer shoots an arrow.
You block the arrow.
You gain the combat prowess of a mighty hero.
The deep elf knight hits you with a +6 quarterstaff!
The deep elf knight hits you but does no damage.
The deep elf archer shoots an arrow.
The arrow barely misses you.
You hit the deep elf knight. You burn the deep elf knight.
Your headbutt misses the deep elf knight.
The deep elf knight is lightly wounded.
The deep elf knight mumbles some strange words.
The deep elf knight flickers and vanishes!
Deactivating autopickup; reactivate with Ctrl-A.
The deep elf archer shoots an arrow.
The arrow hits you.
You completely miss something. Your headbutt misses something.
You block something's attack.
You barely miss something.
You hear some strange, mumbled words.
A shard of ice appears from out of thin air!
The shard of ice hits you!! You partially resist.
The deep elf archer shoots an arrow.
You block the arrow.
You closely miss something.
You hear some strange, mumbled words.
A shard of ice appears from out of thin air!
The shard of ice misses you.
The deep elf archer shoots an arrow.
The arrow hits you!!
As you read the scroll of teleportation, it crumbles to dust.
You feel strangely unstable. Something hits you!
* * * LOW HITPOINT WARNING * * *
Something hits you.
* * * LOW HITPOINT WARNING * * *
The deep elf archer shoots an arrow.
The arrow hits you!!
You die...

#.####..# ..§. #.#
..# (..♣ #.# ##.##
♣(.. #.# ##...##
♣...♣♣ #.###.....##
♣..♣.♣ [).........#
♣....♣ .####.....##
♣.♣Y.♣ ...###....#
♣...{♣
##.####.#.###♣♣.@♣♣
..........#♣....♣
#######.#.#♣♣PPe♣
#>#.#♣....♣
#.#.###...#####
#.#.............
..######(#######
#.# #.# #.# #.#


You could see an elephant and a deep elf archer (repels missiles).

Vanquished Creatures
  2 boulder beetles
  2 two-headed ogres
  A tengu warrior (D:9)
  6 death yaks
  Pikel (D:6)
  An ugly thing (D:11)
  A manticore (D:11)
  An elephant (D:12)
  A gargoyle (D:10)
  Maggie (D:8)
  An unseen horror (D:8)
  A komodo dragon (D:12)
  A kobold demonologist (D:7)
  A tengu conjurer (D:9)
  3 trolls
  Prince Ribbit (D:7)
  A hornet (D:9)
  Sigmund (D:5)
  A shadow (D:9)
  A wraith (D:10)
  16 yaks
  2 wyverns
  A steam dragon (D:7)
  4 vampire mosquitoes
  A warg (D:12)
  3 sky beasts (D:7)
  3 orc warriors
  5 ice beasts
  2 black bears
  3 ogres
  9 centaurs
  A lemure (D:6)
  3 phantoms
  6 kobold brigands
  2 bullfrogs (D:7)
  A scorpion (D:4)
  10 killer bees
  4 howler monkeys (D:9)
  A jelly (D:6)
  6 orc priests
  3 hounds
  2 iguanas
  14 orc wizards
  4 gnolls (D:4)
  A river rat (Sewer)
  12 adders
  2 shadow imps
  3 ufetubi
  2 worms (D:2)
  44 orcs
  3 bats
  13 endoplasms
  2 giant cockroaches (D:4)
  6 goblins
  4 hobgoblins
  4 jackals (D:4)
  16 kobolds
  2 quokkas (D:1)
  9 ball pythons
  A frilled lizard (D:2)
  6 rats
  A spectral orc (D:4)
266 creatures vanquished.

Vanquished Creatures (others)
  A fungus (D:12)
1 creature vanquished.

Grand Total: 267 creatures vanquished

Notes
Turn   | Place    | Note
-------+----------+-------------------------------------------
     0 | D:1      | Glamhuggeren the Minotaur Fighter began the quest for the
                  | Orb.
     0 | D:1      | Reached XP level 1. HP: 19/19 MP: 0/0
   105 | D:1      | Reached skill level 4 in Fighting
   256 | D:1      | Reached XP level 2. HP: 27/27 MP: 1/1
   791 | D:1      | Found a faded altar of an unknown god.
  1014 | D:2      | Reached XP level 3. HP: 25/34 MP: 2/2
  1313 | D:2      | Reached skill level 5 in Fighting
  1386 | D:2      | Reached XP level 4. HP: 41/42 MP: 3/3
  1779 | D:3      | Reached XP level 5. HP: 20/50 MP: 4/4
  1961 | D:3      | Reached skill level 6 in Fighting
  1985 | D:3      | Found a glowing drain.
  1994 | Sewer    | Entered a sewer
  2188 | Sewer    | Reached skill level 7 in Fighting
  2188 | Sewer    | Reached XP level 6. HP: 60/60 MP: 5/5
  2196 | Sewer    | Reached skill level 5 in Polearms
  2571 | Sewer    | Reached skill level 8 in Fighting
  2571 | Sewer    | Reached XP level 7. HP: 53/68 MP: 6/6
  2882 | D:3      | Found a stormy altar of Qazlal.
  3593 | D:4      | You fall into a shaft and drop 2 floors!
  3596 | D:6      | Found a sacrificial altar of Ru.
  3613 | D:6      | Reached skill level 9 in Fighting
  3811 | D:6      | Noticed Pikel
  3829 | D:6      | Killed Pikel
  3830 | D:6      | Reached skill level 10 in Fighting
  3830 | D:6      | Reached XP level 8. HP: 39/79 MP: 7/7
  4126 | D:5      | Entered Level 5 of the Dungeon
  4281 | D:4      | Found a hazy altar of Hepliaklqana.
  4320 | D:4      | Reached skill level 10 in Polearms
  4330 | D:4      | Identified the +1 ring mail of the Onion {rF++}
  4795 | D:5      | Found a staircase to the Ecumenical Temple.
  4813 | Temple   | Entered the Ecumenical Temple
  4893 | Temple   | Became a worshipper of Warmaster Okawaru
  4989 | D:5      | Found a shimmering blue altar of Sif Muna.
  4989 | D:5      | Found a burning altar of Makhleb.
  5005 | D:5      | Noticed Sigmund
  5015 | D:5      | Killed Sigmund
  5016 | D:5      | Reached XP level 9. HP: 85/85 MP: 8/8
  5627 | D:6      | Found a glowing silver altar of Zin.
  5628 | D:6      | Found an opulent altar of Gozag.
  5882 | D:7      | Found a blossoming altar of Fedhas.
  5918 | D:7      | Reached * piety under Okawaru
  6021 | D:7      | Noticed Prince Ribbit
  6061 | D:7      | Killed Prince Ribbit
  6206 | D:7      | Noticed a kobold demonologist
  6252 | D:7      | Noticed a troll
  6260 | D:7      | Noticed a red devil
  6262 | D:7      | Killed a troll
  6263 | D:7      | Reached skill level 1 in Invocations
  6268 | D:7      | Noticed a rust devil
  6270 | D:7      | Killed a kobold demonologist
  6525 | D:7      | Reached ** piety under Okawaru
  6575 | D:7      | Reached XP level 10. HP: 76/93 MP: 10/10
  6842 | D:7      | Reached skill level 5 in Shields
  7040 | D:8      | Noticed Maggie
  7051 | D:8      | Killed Maggie
  7112 | D:8      | Reached skill level 5 in Armour
  8089 | D:8      | Reached *** piety under Okawaru
  8557 | D:9      | Noticed a tengu warrior
  8736 | D:9      | Noticed a death yak
  8752 | D:9      | Noticed a two-headed ogre
  9041 | D:9      | Noticed a death yak
  9055 | D:8      | Killed a death yak
  9212 | D:8      | Killed a death yak
  9212 | D:8      | Reached **** piety under Okawaru
  9213 | D:8      | Reached skill level 5 in Invocations
  9821 | D:9      | Killed a two-headed ogre
  9822 | D:9      | Reached XP level 11. HP: 77/100 MP: 12/14
 10222 | D:9      | Noticed a death yak
 10225 | D:9      | Noticed a death yak
 10236 | D:9      | Noticed a death yak
 10243 | D:9      | Killed a death yak
 10250 | D:9      | Noticed a death yak
 10256 | D:9      | Killed a death yak
 10269 | D:9      | Killed a death yak
 10269 | D:9      | Reached ***** piety under Okawaru
 10274 | D:9      | Killed a death yak
 10274 | D:9      | Received a gift from Okawaru
 10275 | D:9      | Reached skill level 11 in Fighting
 10492 | D:9      | Found a staircase to the Lair.
 10565 | D:9      | Killed a tengu warrior
 10770 | D:10     | Entered Level 10 of the Dungeon
 10776 | D:10     | Found a glowing golden altar of the Shining One.
 11364 | D:10     | Found a hide-covered altar of Uskayaw.
 11526 | D:10     | Reached skill level 12 in Fighting
 11532 | D:10     | Found a sparkling altar of Nemelex Xobeh.
 11749 | D:11     | Noticed a two-headed ogre
 12018 | D:11     | Noticed a cyan ugly thing
 12023 | D:11     | Noticed a boulder beetle
 12038 | D:11     | Killed a cyan ugly thing
 12042 | D:11     | Reached skill level 13 in Fighting
 12057 | D:11     | Reached XP level 12. HP: 7/115 MP: 11/17
 12384 | D:10     | Killed a two-headed ogre
 12384 | D:10     | Received a gift from Okawaru
 12662 | D:11     | Reached skill level 14 in Fighting
 12747 | D:11     | Killed a boulder beetle
 13037 | D:12     | Noticed a boulder beetle
 13383 | D:12     | Identified the +0 pair of gloves "Zaddat" {rF+ Str+2}
 13602 | D:12     | Killed a boulder beetle
 13718 | D:12     | Reached skill level 15 in Fighting
 13729 | D:12     | Shot with an arrow by a deep elf archer

Illustrated notes

Levels and vault maps discovered:
D:1:      saegor_arrival_under_anarchy, layout_basic,
          shapermc_ecumenical_altar_mp_vishouse
D:2:      layout_rooms
D:3:      layout_loops_ring, nicolae_qazlal_general_emergency,
          portal_sewer_entry_d
D:4:      layout_basic, nicolae_hepliaklqana_monster_ancestors,
          kennysheep_generic_room_7
D:5:      layout_rooms, gammafunk_temple_overflow_elements,
          minmay_temple_entry_large_hall, chequers_jeans, serial_park_tiny_1,
          uniq_sigmund
D:6:      layout_rooms, grunt_temple_overflow_gold_and_silver,
          nicolae_ru_sacrificial_ziggurat, uniq_pikel
D:7:      minmay_chambers_of_sixes, layout_basic, fedhas_altar_1,
          uniq_prince_ribbit1
D:8:      layout_basic, uniq_maggie
D:9:      layout_small_grid, dpeg_lair_monsters
D:10:     layout_long_grid, tso_metal_star, nemelex_spade_bored_becter,
          kennysheep_mini
D:11:     layout_big_octagon
D:12:     layout_loops_ring, erik_orc_1, roderic_serpentine_path,
          beargit_elvish_explorers
Temple:   nicolae_temple_ecumenical_triangle

Skill      XL: |  1  2  3  4  5  6  7  8  9 10 11 12 |
---------------+-------------------------------------+-----
Fighting       | 4 5 7 8 10 13 15 | 15.0
Polearms       | 3 4 5 8 11 13 14 | 14.0
Shields        | 4 7 8 |  8.0
Armour         | 4 7 8 |  8.0
Invocations    | 2 5 8 |  8.0
Dodging        | |  0.5

Action                   |  1- 3 |  4- 6 |  7- 9 | 10-12 || total
-------------------------+-------+-------+-------+-------++-------
Melee: Trident           |    86 |   147 |   310 |   526 ||  1069
       Headbutt          |     4 |    18 |    34 |   102 ||   158
Throw: Dart              |       |       |    22 |    44 ||    66
       Throwing net      |       |       |     1 |       ||     1
Invok: Heroism           |       |       |     1 |     8 ||     9
       Finesse           |       |       |       |     3 ||     3
  Use: Scroll            |       |     3 |     3 |    19 ||    25
       Potion            |       |       |     3 |     8 ||    11
 Stab: Held in net/web   |       |       |     3 |       ||     3
Armor: Scale mail        |     3 |       |       |       ||     3
       Ring mail         |    25 |    39 |    49 |       ||   113
       Chain mail        |       |       |    42 |   270 ||   312
Dodge: Dodged            |    39 |    43 |    91 |   126 ||   299
Block: Buckler           |    13 |    26 |    42 |    98 ||   179
       Kite shield       |       |       |       |    24 ||    24
